 Dungeon Crawl Stone Soup version 0.29-a0-96-g93358da72b (webtiles) character file.

Game seed: 1394248539460185486

9749 drugrobin the Spear-Bearer (level 11, -1/151 HPs)
             Began as a Demigod Warper on Feb 11, 2022.
             Slain by a blink frog (13 damage)
             ... on level 2 of the Lair of Beasts.
             The game lasted 01:02:32 (15784 turns).

drugrobin the Spear-Bearer (Demigod Warper)        Turns: 15784, Time: 01:02:32

Health: -1/151     AC:  8    Str: 16    XL:     11   Next: 6%
Magic:  16/17      EV: 19    Int: 21    God:
Gold:   611        SH:  0    Dex: 21    Spells: 2/13 levels left

rFire   . . .      SeeInvis .   a - +0 glaive
rCold   . . .      Faith    .   (shield currently unavailable)
rNeg    . . .      Spirit   .   n - +2 robe {Archmagi}
rPois   .          Reflect  .   C - +0 helmet of the Lair of Beasts {Regen+}
rElec   .          Harm     .   (no cloak)
rCorr   .          Rampage  .   L - +2 pair of gloves
Will    +....      Archmagi +   (no boots)
Stlth   ..........              (no amulet)
HPRegen 1.15/turn               M - +4 ring of evasion
MPRegen 0.15/turn               U - +6 ring of intelligence

@: berserking (expiring), very quick
A: high MP 1, forlorn, divine attributes
a: no special abilities


You were on level 2 of the Lair of Beasts.
You visited 3 branches of the dungeon, and saw 15 of its levels.
You also visited: Gauntlet.

You collected 841 gold pieces.
You spent 230 gold pieces at shops.

Inventory:

Hand Weapons
 a - a +0 glaive (weapon)
 b - a +0 hunting sling
 q - a +0 trident
 z - a +0 dagger of electrocution
 A - a +1 vorpal spear
 F - a +1 war axe of flaming
Missiles
 d - 3 boomerangs of dispersal (quivered)
 f - 125 sling bullets
 j - 368 stones
 y - 92 bolts
 K - 2 poisoned darts
 N - a javelin
Armour
 n - a +2 robe of the Archmagi (worn)
 r - a +0 troll leather armour
 C - the +0 helmet of the Lair of Beasts (worn) {Regen+}
   (You bought it in a shop on level 5 of the Dungeon)

   Regen:     It increases your rate of health regeneration.
 E - the +4 ring mail "Roecehal" {Fly rElec rF- Int+3}
   (You found it on level 5 of the Dungeon)

   Int:       It affects your intelligence (+3).
   rF:        It makes you vulnerable to fire.
   rElec:     It insulates you from electricity.
   Fly:       It grants you flight.
 L - a +2 pair of gloves (worn)
Magical Staves
 t - a staff of death
 Q - a staff of air
Jewellery
 o - a ring of protection from fire
 I - a ring of resist corrosion
 M - a +4 ring of evasion (left hand)
 P - a ring of protection from cold
 U - a +6 ring of intelligence (right hand)
Wands
 w - a wand of charming (6)
 O - a wand of acid (2)
 W - a wand of digging (6)
Scrolls
 c - 2 scrolls of vulnerability
 e - a scroll of fog {unknown}
 h - a scroll of enchant weapon
 i - a scroll of fear {unknown}
 l - 3 scrolls of teleportation
 m - a scroll of silence {unknown}
 s - 4 scrolls of amnesia
 H - 3 scrolls of brand weapon {unknown}
 R - 3 scrolls of immolation {unknown}
 S - a scroll of holy word {unknown}
 T - a scroll of magic mapping
 V - 2 scrolls of identify
Potions
 g - a potion of degeneration {unknown}
 k - 2 potions of berserk rage
 p - 2 potions of cancellation
 u - 2 potions of flight
 v - 5 potions of curing
 x - a potion of might
 B - a potion of ambrosia
 D - 3 potions of heal wounds
 G - a potion of mutation {unknown}
 J - 2 potions of brilliance


   Skills:
 + Level 10.3 Fighting
 * Level 11.2 Polearms
 - Level 0.8 Throwing
 - Level 0.8 Armour
 + Level 5.1 Dodging
 - Level 1.7 Spellcasting
 - Level 5.0 Translocations


You had 2 spell levels left.
You knew the following spells:

 Your Spells              Type           Power      Damage    Failure   Level
a - Blink                 Tloc           68%        N/A       3%          2
b - Teleport Other        Tloc           34%        N/A       6%          3
c - Gell's Gravitas       Tloc           34%        N/A       6%          3
d - Lesser Beckoning      Tloc           34%        N/A       6%          3

Your spell library contained the following spells:

 Spells                   Type           Power      Damage    Failure   Level
 Magic Dart               Conj           8%         1d3       16%         1
 Call Imp                 Summ           2%         N/A       22%         2
 Static Discharge         Conj/Air       2%         N/A       22%         2
 Ignite Poison            Fire/Tmut/Pois 2%         N/A       41%         3
 Mephitic Cloud           Conj/Pois/Air  2%         N/A       41%         3
 Tukima's Dance           Hex            2%         N/A       41%         3
 Manifold Assault         Tloc           34%        N/A       47%         5
 Anguish                  Hex/Necr       1%         N/A       83%         4
 Dispel Undead            Necr           2%         3d7       83%         4
 Sticky Flame             Conj/Fire      2%         2d3       83%         4
 Freezing Cloud           Conj/Ice/Air   1%         6-21      99%         5
 Lightning Bolt           Conj/Air       1%         1d12      99%         5
 Enfeeble                 Hex            1%         N/A       100%        7
 Maxwell's Capacitive Co  Air            1%         ∞         100%        8
 Chain Lightning          Conj/Air       1%         3d1       100%        9
 Fire Storm               Conj/Fire      1%         7d1       100%        9
 Shatter                  Erth           1%         3d5*      100%        9


Dungeon Overview and Level Annotations

Branches:
Dungeon (12/15)            Temple (0/1) D:6            Lair (2/6) D:8
    Orc (1/2) D:9         Gauntlet (visited)
  Swamp: Lair:2-4    Shoals: Lair:2-4     Snake: Lair:2-4    Spider: Lair:2-4

Shops:
D:5 ![*   D:6 *

Annotations:
D:4 3 runed translucent doors, DrKleor's ghost, amateur DsFi
D:9 exclusion: door
D:11 Harold
D:12 1 runed translucent door


Innate Abilities, Weirdness & Mutations

You have an increased reservoir of magic. (+10% MP)
You shall have no god before yourself.
Your divine heritage dramatically boosts your attributes as you level up.


Message History

Unknown command.
You slash the blink frog!
The blink frog is heavily wounded.
You feel sick.
The blink frog blinks! x2; The blink frog barely misses you.
Unknown command.
Unknown command.
You miss the blink frog.
You feel sick. The blink frog barely misses you.
Unknown command.
You slice the blink frog!!
The blink frog is severely wounded.
The blink frog barely misses you.
Unknown command.
You barely miss the blink frog.
The blink frog is severely wounded.
You feel sick. The blink frog completely misses you.
The blink frog barely misses you.
Unknown command.
Unknown command.
You miss the blink frog.
The blink frog is severely wounded.
You feel sick.
You are no longer poisoned.
The blink frog hits you!
* * * LOW HITPOINT WARNING * * *
The blink frog hits you!
* * * LOW HITPOINT WARNING * * *
The blink frog blinks!
Unknown command.
You closely miss the blink frog.
The blink frog is heavily wounded.
The blink frog blinks!
Unknown command.
Unknown command.
You barely miss the blink frog. The blink frog barely misses you. x2
Unknown command.
Unknown command.
You hit the blink frog.
The blink frog is severely wounded.
The blink frog misses you. The blink frog hits you!
You die...

....$.........
............
..........#
..........#
.........##
.........#
.........#
......F.F#
......##@#
.....# #F##
....# #..#
...# #.##
...#####..# .#
#.#....##
##.....P#
##......###
#.........#


You could see 3 blink frogs.

Vanquished Creatures
  Nergalle (Lair:2)
  A manticore (D:12)
  An ugly thing (D:12)
  A rime drake (Lair:1)
  4 komodo dragons
  3 trolls
  A hornet (D:9)
  4 slime creatures (D:10)
  A blink frog (Lair:2)
  3 yaks (D:11)
  Grum (D:10)
  An acid dragon (D:9)
  5 orc warriors
  A sky beast (D:6)
  A black bear (D:5)
  3 necrophages
  2 ice beasts
  6 centaurs
  3 wolves (D:10)
  6 bullfrogs
  3 scorpions
  A gnoll sergeant (D:7)
  A wyvern zombie (D:9)
  2 howler monkeys
  6 wights
  6 centaur zombies
  4 hounds
  3 jellies
  8 orc priests
  A bullfrog skeleton (D:4)
  Jessica (D:2)
  A gnoll shaman (D:10)
  7 orc wizards
  A howler monkey zombie (D:9)
  10 gnolls
  11 adders
  A shadow imp (D:4)
  A white imp (D:7)
  3 adder skeletons (D:4)
  4 dart slugs
  50 orcs
  10 endoplasms
  9 goblins
  7 hobgoblins
  4 iguanas
  5 quokkas
  5 ball pythons
  8 bats
  4 frilled lizards
  5 kobolds
  5 rats
236 creatures vanquished.

Vanquished Creatures (collateral kills)
  A jelly (D:6)
1 creature vanquished.

Vanquished Creatures (others)
  12 fungi
  27 plants
39 creatures vanquished.

Grand Total: 276 creatures vanquished

Notes
Turn   | Place    | Note
-------+----------+-------------------------------------------
     0 | D:1      | drugrobin the Demigod Warper began the quest for the Orb.
     0 | D:1      | Reached XP level 1. HP: 17/17 MP: 5/5
   537 | D:1      | Reached skill level 2 in Polearms
   700 | D:1      | Reached XP level 2. HP: 14/24 MP: 7/7
   815 | D:1      | Learned a level 2 spell: Blink
  1034 | D:2      | Reached skill level 3 in Polearms
  1394 | D:1      | Reached XP level 3. HP: 23/29 MP: 8/8
  2122 | D:2      | Learned a level 3 spell: Teleport Other
  2163 | D:2      | HP: 1/29 [gnoll (7)]
  2526 | D:2      | Reached skill level 4 in Polearms
  2543 | D:2      | Noticed Jessica
  2561 | D:2      | Killed Jessica
  2562 | D:2      | Reached XP level 4. HP: 23/36 MP: 6/9
  3742 | D:3      | Reached XP level 5. HP: 42/42 MP: 10/10
  4348 | D:4      | Noticed DrKleor's ghost (amateur DsFi)
  4428 | D:4      | Noticed a necrophage
  4448 | D:4      | Killed a necrophage
  4449 | D:4      | Reached skill level 5 in Polearms
  4821 | D:4      | Reached XP level 6. HP: 32/51 MP: 9/11
  5122 | D:4      | Found a runed translucent gate.
  5123 | D:4      | Found a runed translucent gate.
  5240 | D:4      | Found a runed translucent gate.
  5872 | D:5      | Entered Level 5 of the Dungeon
  6171 | D:5      | Found Ceshoih's General Store.
  6196 | D:5      | Reached skill level 6 in Polearms
  6364 | D:5      | Found Berucry's Armour Shop.
  6366 | D:5      | Found Kufos's Distillery.
  6375 | D:5      | Bought the +0 helmet of the Lair of Beasts {Regen+} for 126
                  | gold pieces
  6382 | D:5      | Bought a potion of heal wounds for 65 gold pieces
  6382 | D:5      | Bought a potion of curing for 39 gold pieces
  6529 | D:5      | Reached XP level 7. HP: 60/60 MP: 12/12
  6553 | D:5      | Identified the +4 ring mail "Roecehal" {Fly rElec rF-
                  | Int+3}
  6559 | D:5      | Learned a level 3 spell: Gell's Gravitas
  6983 | D:6      | Found Ujint's General Store.
  7059 | D:5      | Reached skill level 5 in Fighting
  7544 | D:6      | Reached skill level 7 in Polearms
  7629 | D:6      | Found a staircase to the Ecumenical Temple.
  7759 | D:6      | Reached XP level 8. HP: 59/70 MP: 13/13
  8693 | D:7      | Reached skill level 8 in Polearms
  8737 | D:7      | Saw a vision of the Swamp and the Spider Nest.
  8737 | D:7      | Noticed an alligator
  8738 | D:7      | Noticed a wolf spider
  8738 | D:7      | Noticed an alligator
  8739 | D:7      | Noticed a goliath frog
  8741 | D:7      | Noticed a goliath frog
  8742 | D:7      | Noticed a will-o-the-wisp
  9589 | D:8      | Found a staircase to the Lair.
 10399 | D:8      | Reached XP level 9. HP: 38/67 MP: 14/14
 10659 | Lair:1   | Entered Level 1 of the Lair of Beasts
 10659 | Lair:1   | Noticed a komodo dragon
 10794 | Lair:1   | Noticed a rime drake
 10794 | Lair:1   | Noticed a komodo dragon
 11091 | D:9      | Reached skill level 9 in Polearms
 11240 | D:9      | Paralysed by a hornet for 1 turns
 11653 | D:8      | Killed a komodo dragon
 11855 | Lair:1   | Killed a rime drake
 11892 | Lair:1   | Noticed a lindwurm
 12033 | D:9      | Reached skill level 10 in Polearms
 12250 | D:9      | Found a staircase to the Orcish Mines.
 12705 | D:10     | Entered Level 10 of the Dungeon
 12770 | Orc:1    | Entered Level 1 of the Orcish Mines
 12771 | Orc:1    | Noticed an orc warlord
 13027 | D:10     | Learned a level 3 spell: Lesser Beckoning
 13035 | D:10     | You fall into a shaft and drop 1 floor!
 13083 | D:11     | Reached XP level 10. HP: 85/91 MP: 15/15
 13111 | D:11     | Found a gate leading to a gauntlet.
 13152 | Gauntlet | Entered a Gauntlet
 13152 | Gauntlet | Found a transporter.
 13155 | Gauntlet | Found a transporter.
 13156 | Gauntlet | Noticed a fire crab
 13160 | Gauntlet | Found a transporter.
 13161 | Gauntlet | Found a transporter.
 13161 | Gauntlet | Found a transporter.
 13164 | Gauntlet | Found a transporter.
 13164 | Gauntlet | Noticed a thrashing horror
 13169 | Gauntlet | Found a transporter.
 13185 | Gauntlet | Noticed a necromancer
 13196 | Gauntlet | Noticed a blizzard demon
 13197 | Gauntlet | Found a transporter.
 13197 | Gauntlet | Found a transporter.
 13203 | Gauntlet | Found a transporter.
 13226 | Gauntlet | Noticed a death yak
 13227 | Gauntlet | Noticed a death yak
 13227 | Gauntlet | Noticed a death yak
 13228 | Gauntlet | Noticed a death yak
 13228 | Gauntlet | Noticed a death yak
 13230 | Gauntlet | Noticed a death yak
 13235 | Gauntlet | Found a transporter.
 13366 | D:12     | Identified the +3 flail "Jaac Yba" {freeze, Int+4}
 13369 | D:12     | Noticed a boulder beetle
 13431 | D:10     | Noticed Harold
 13497 | D:12     | Noticed a red ugly thing
 13527 | D:12     | Noticed a manticore
 13532 | D:12     | Noticed a two-headed ogre
 13652 | D:12     | Noticed a green ugly thing
 13687 | D:12     | Killed a manticore
 13689 | D:12     | Killed a green ugly thing
 13728 | D:12     | Found a runed translucent door.
 13728 | D:12     | Noticed a sphinx
 13728 | D:12     | Noticed a deep troll earth mage
 13728 | D:12     | Noticed a war gargoyle
 13739 | D:12     | Noticed a deep elf pyromancer
 14031 | D:10     | Noticed Grum
 14300 | D:9      | Reached skill level 10 in Fighting
 14459 | D:10     | Noticed a fire dragon
 14509 | D:10     | Identified the +0 robe of Death's Door {rElec Regen+}
 14640 | D:10     | Killed Grum
 15474 | Lair:1   | Reached skill level 11 in Polearms
 15596 | Lair:1   | Reached skill level 5 in Translocations
 15749 | Lair:2   | Noticed Nergalle
 15770 | Lair:2   | Killed Nergalle
 15771 | Lair:2   | Reached skill level 5 in Dodging
 15771 | Lair:2   | Reached XP level 11. HP: 43/101 MP: 17/17
 15784 | Lair:2   | Slain by a blink frog

Illustrated notes

Levels and vault maps discovered:
D:1:      dpeg_arrival_round_a, layout_rooms, serial_forest,
          infiniplex_forest_lined_2, infiniplex_forest_straight_3,
          infiniplex_forest_end_3, infiniplex_forest_straight_1,
          infiniplex_forest_clump_small, infiniplex_forest_lined_1,
          infiniplex_forest_clump_small, infiniplex_forest_clump_large
D:2:      layout_basic, shapermc_ecumenical_altar_acropolis, uniq_jessica
D:3:      minmay_angry_zag, layout_rooms, nicolae_qazlal_general_emergency,
          serial_co_window_serial, co_window_paths_b, co_window_corner_a,
          co_window_corner_a, co_window_of_opportunity_a, co_window_corner_a,
          co_window_of_opportunity_c, co_window_broadway_a,
          co_window_broadway_c, co_window_corner_b, co_window_4corner_b,
          glass_columns_a, glass_columns_a, glass_columns_a, glass_columns_b
D:4:      layout_cave_pods, dk_xom_monty_hall,
          chequers_temple_overflow_statue_of_worship, gammafunk_ghost_icy
D:5:      layout_basic, nicolae_wooded_promenade
D:6:      kb_forest_paths, layout_basic,
          mainiacjoe_overflow_concentric_impassable,
          nicolae_overflow_hidden_temple, serial_shops,
          nicolae_shop_competitors_out_of_business, roderic_roman_lattice
D:7:      layout_loops_ring, grunt_ashenzari_visionary
          [grunt_ashenzari_visionary_swamp, grunt_ashenzari_visionary_spider],
          amcnicky_mini_rare_corridor_liquid
D:8:      layout_gridville, dpeg_oklobed_lair
D:9:      layout_irregular_city, amcnicky_altar_gilded, hiddenorc1_lemuel
D:10:     dragon1_lemuel, layout_cave_pools, uniq_harold, uniq_grum
D:11:     layout_loops_ring, gauntlet_entry_generic, water_boxes_lemuel
D:12:     layout_roguey, kennysheep_treasure_room
Lair:1:   layout_regular_city
Lair:2:   layout_cave_pods, spider_nest_entry_web_field, uniq_nergalle
Orc:1:    layout_caves, basic_altar

Skill      XL: |  1  2  3  4  5  6  7  8  9 10 |
---------------+-------------------------------+-----
Polearms       | 2 3 4 5 6 7 8 10 11 | 11.2
Fighting       | 2 3 4 6 7 9 10 | 10.3
Dodging        | 2 5 |  5.1
Translocations | 3 5 |  5.0
Throwing       | |  0.8
Armour         | |  0.8
Spellcasting   | |  1.7

Action                   |  1- 3 |  4- 6 |  7- 9 | 10-12 || total
-------------------------+-------+-------+-------+-------++-------
Melee: Spear             |   183 |    48 |   525 |   264 ||  1020
       Punch             |     2 |     1 |    14 |     4 ||    21
       Dagger            |       |   158 |   156 |    25 ||   339
       Trident           |       |    11 |       |     3 ||    14
       War axe           |       |       |     3 |       ||     3
       Glaive            |       |       |       |    70 ||    70
 Fire: Hunting sling     |    10 |    21 |   108 |    28 ||   167
Throw: Boomerang         |     2 |       |       |       ||     2
       Stone             |       |     3 |       |       ||     3
       Dart              |       |       |    21 |     2 ||    23
       Throwing net      |       |       |     2 |       ||     2
       Javelin           |       |       |     8 |       ||     8
 Cast: Blink             |     6 |     2 |    31 |    10 ||    49
       Teleport Other    |     1 |     2 |     5 |    14 ||    22
       Gell's Gravitas   |       |       |    12 |     9 ||    21
Evoke: Wand              |       |       |     3 |    10 ||    13
  Use: Scroll            |     2 |     1 |     8 |     4 ||    15
       Potion            |       |       |     1 |     3 ||     4
 Stab: Distracted        |     1 |       |     1 |     1 ||     3
       Sleeping          |       |     1 |     3 |     1 ||     5
       Held in net/web   |       |       |     1 |       ||     1
Armor: Leather armour    |    55 |       |       |       ||    55
       Robe              |       |    55 |   138 |    71 ||   264
Dodge: Dodged            |   137 |   110 |   361 |   242 ||   850

Table legend: (Time is in decaauts)
 A = Elapsed time spent in this place.
 B = Non-inter-level travel time spent in this place.
 C = Inter-level travel time spent in this place.
 D = Time resting spent in this place.
 E = Time spent auto-exploring this place.
 F = Levels seen in this place.
 G = Mean time per level.
                   A        B        C        D        E       F      G
               +--------+--------+--------+--------+--------+-----+--------+
         Total |  15484 |  14529 |    955 |   2144 |   7565 |  16 |  967.8 |
       Dungeon |  14749 |  13795 |    954 |   2144 |   7213 |  12 | 1229.1 |
          Lair |    589 |    588 |      1 |      0 |    352 |   2 |  294.5 |
  Orcish Mines |      2 |      2 |      0 |      0 |      0 |   1 |    2.0 |
      Gauntlet |    142 |    142 |      0 |      0 |      0 |   1 |  142.0 |
               +--------+--------+--------+--------+--------+-----+--------+

Top non-repeatable levels by time:
     D:8: 1899 daAuts
     D:1: 1702 daAuts
     D:4: 1654 daAuts
     D:9: 1555 daAuts
     D:2: 1292 daAuts
     D:5: 1272 daAuts
     D:6: 1251 daAuts
     D:3: 1205 daAuts
    D:10: 1189 daAuts
     D:7: 1122 daAuts
  Lair:1: 472 daAuts
    D:12: 403 daAuts
    D:11: 202 daAuts
Gauntlet: 142 daAuts
  Lair:2: 117 daAuts
